Map: Lockdown LE

Players

HeroMarine - Winner!

  • Race: Terran Terran
  • Spawn Location: 1:00

Jumy (ForJumy)

  • Race: Protoss Protoss
  • League: Master
  • Spawn Location: 7:00

Event: HomeStory Cup XXIX

VOD

Have the link to the VOD?

Description

Time

  • Played on: July 3, 2026, 7:12 a.m.
  • Length: 10:01

All games in this series

Show
View Real Time Build Order
Export as new Build Order

HeroMarine Terran - Winner!

Build Orders: Reaper Expand 

Get SALT Encoding   

  8  0:00  SCV  
  9  0:12  SCV  
  10  0:24  SCV  
  10  0:27  Supply Depot  
  11  0:36  SCV  
  12  0:48  SCV  
  13  0:53  Barracks  
  13  1:00  Refinery  
  13  1:04  SCV  
  14  1:16  SCV  
  15  1:28  SCV  
  16  1:40  Orbital Command  
  16  1:43  Reaper  
  17  2:06  Command Center  
  17  2:09  SCV  
  18  2:17  Marine  
  18  2:21  SCV  
  20  2:28  Supply Depot  
  20  2:34  SCV  
  20  2:36  Factory  
  21  2:40  Barracks Reactor  
  21  2:48  Refinery  
  21  2:50  SCV  
  22  3:02  SCV  
  23  3:14  SCV  
  23  3:17  Marine x2  
  26  3:20  Hellion  
  26  3:21  Starport  
  29  3:27  SCV  
  29  3:30  SCV  
  30  3:35  Marine x2  
  32  3:42  Orbital Command  
  32  3:44  SCV  
  33  3:53  Marine x2  
  35  3:56  SCV  
  35  3:59  Medivac, Widow Mine  
  40  4:09  SCV  
  41  4:18  Supply Depot  
  41  4:19  SCV  
  42  4:25  SCV  
  42  4:26  Marine  
  42  4:29  Starport Tech Lab, Factory Tech Lab  
  42  4:31  Marine  
  42  4:36  Supply Depot  
  42  4:39  SCV x2  
  44  4:48  Siege Tank  
  44  4:49  Raven, Marine  
  50  4:57  Marine, SCV x2  
  50  4:58  Supply Depot  
  51  5:09  SCV x2  
  52  5:16  Marine x2  
  52  5:20  Barracks  
  52  5:21  Siege Tank, SCV x2  
  57  5:25  Supply Depot  
  57  5:27  Engineering Bay  
  59  5:33  SCV x2  
  61  5:43  Supply Depot  
  61  5:44  Barracks  
  61  5:45  SCV  
  61  5:46  SCV, Marine x2  
  65  5:51  Refinery  
  63  5:58  SCV x2  
  63  6:06  Missile Turret  
  63  6:07  Marine x2  
  63  6:10  SCV x2, Terran Infantry Weapons Level 1  
  67  6:21  Factory Reactor  
  67  6:22  SCV x2  
  67  6:25  Marine x2  
  69  6:26  Starport Reactor  
  71  6:33  Refinery, Supply Depot  
  71  6:34  SCV x2  
  71  6:39  Marine, Stimpack  
  74  6:43  Marine x2  
  74  6:44  Supply Depot  
  74  6:46  SCV x2  
  78  6:49  Command Center  
  78  6:55  Barracks, Marine  
  78  6:57  Barracks  
  78  6:58  SCV x2  
  79  7:02  Combat Shield  
  78  7:09  Medivac  
  78  7:10  Medivac, SCV x2  
  78  7:13  Marauder  
  78  7:14  Marauder  
  88  7:18  Marine x2  
  88  7:22  SCV x2  
  92  7:25  Supply Depot  
  92  7:26  Supply Depot  
  94  7:30  Widow Mine x2  
  94  7:34  SCV x2  
  98  7:44  Barracks Reactor  
  97  7:46  Marauder x2, SCV  
  97  7:47  SCV  
  97  7:48  Marine x2  
  105  7:52  Missile Turret  
  105  7:55  Barracks Tech Lab  
  105  7:57  Medivac x2  
  111  7:58  Widow Mine  
  111  7:59  Widow Mine  
  111  8:02  Supply Depot  
  111  8:03  Orbital Command  
  113  8:06  Marine x2  
  113  8:07  Marine x2  
  113  8:09  SCV x2  
  119  8:19  Marauder, Concussive Shells  
  121  8:21  Widow Mine x2, SCV x2  
  121  8:24  Marine  
  121  8:26  Marauder x2  
  132  8:27  Marine x2  
  132  8:30  Orbital Command  
  132  8:33  SCV  
  135  8:36  Supply Depot  
  135  8:38  Supply Depot, SCV  
  135  8:40  Marauder  
  138  8:41  Marine, Supply Depot  
  138  8:47  Marauder  
  141  8:48  Marine x2  
  143  8:56  Marine  
  143  8:57  Marauder  
  143  8:59  Marine  
  143  9:01  Marauder  
  143  9:02  Widow Mine x2  
  138  9:08  Marauder  
  138  9:09  Marine x2  
  134  9:11  SCV  
  134  9:12  SCV x2  
  134  9:14  Marine, Medivac x2  
  141  9:22  Supply Depot  
  141  9:23  SCV  
  141  9:24  Marine x3, SCV x2  
  141  9:26  Widow Mine  
  141  9:27  Marine  
  148  9:36  Widow Mine  
Show
View Real Time Build Order
Export as new Build Order

Jumy Protoss 

Build Orders: Zealot Archon 

Get SALT Encoding   

  8  0:00  Probe (Chrono Boost)  
  9  0:12  Probe (Chrono Boost)  
  10  0:19  Probe (Chrono Boost)  
  11  0:26  Probe  
  12  0:34  Pylon  
  12  0:40  Probe  
  13  0:52  Probe  
  13  0:56  Gateway  
  14  1:04  Probe  
  14  1:08  Assimilator  
  15  1:16  Probe  
  16  1:28  Probe  
  17  1:41  Probe  
  17  1:43  Cybernetics Core  
  18  1:55  Nexus  
  18  2:02  Pylon  
  18  2:06  Probe  
  19  2:13  Assimilator  
  19  2:15  Adept (Chrono Boost)  
  19  2:21  Probe  
  22  2:24  Warp Gate  
  22  2:33  Probe  
  23  2:41  Adept  
  25  2:45  Probe  
  26  2:57  Twilight Council, Probe  
  27  3:09  Probe  
  27  3:11  Probe (Chrono Boost)  
  29  3:16  Adept  
  31  3:23  Probe (Chrono Boost)  
  33  3:27  Probe (Chrono Boost)  
  33  3:29  Gateway  
  33  3:32  Probe (Chrono Boost)  
  35  3:35  Probe (Chrono Boost)  
  35  3:37  Probe  
  35  3:46  Probe  
  35  3:49  Probe  
  35  3:52  Robotics Facility  
  36  3:58  Probe  
  37  4:03  Probe  
  38  4:12  Probe  
  38  4:22  Dark Shrine  
  36  4:24  Probe  
  36  4:27  Probe (Chrono Boost)  
  38  4:38  Pylon  
  38  4:42  Probe (Chrono Boost)  
  38  4:44  Probe (Chrono Boost), Warp Prism (Chrono Boost)  
  39  4:50  Probe (Chrono Boost)  
  42  4:56  Probe  
  42  4:57  Pylon  
  42  5:07  Stalker  
  42  5:13  Probe  
  42  5:14  Stalker  
  44  5:21  Probe  
  45  5:26  Probe  
  46  5:33  Probe  
  46  5:34  Pylon  
  46  5:35  Dark Templar  
  49  5:36  Dark Templar  
  49  5:38  Probe  
  52  5:45  Probe  
  53  5:50  Probe  
  53  5:53  Nexus  
  53  5:56  Pylon  
  52  5:57  Probe  
  52  6:02  Probe  
  54  6:09  Probe, Forge  
  55  6:15  Stalker  
  55  6:16  Dark Templar  
  55  6:18  Probe  
  60  6:21  Archon  
  60  6:22  Probe  
  60  6:24  Charge  
  61  6:29  Gateway  
  61  6:31  Gateway  
  61  6:35  Probe  
  62  6:41  Protoss Ground Armor Level 1 (Chrono Boost), Probe  
  62  6:42  Gateway x2  
  62  6:45  Gateway  
  63  6:53  Probe  
  64  7:02  Immortal  
  64  7:03  Probe  
  64  7:06  Gateway x2  
  69  7:17  Probe  
  69  7:19  Gateway, Zealot x2  
  74  7:22  Shield Battery  
  74  7:25  Zealot x2  
  78  7:30  Zealot x2  
  78  7:33  Probe  
  78  7:35  Pylon  
  83  7:43  Observer  
  84  7:44  Probe  
  84  7:45  Pylon  
  84  7:46  Zealot  
  84  7:48  Pylon  
  87  7:53  Zealot  
  87  7:54  Pylon  
  87  7:56  Assimilator  
  87  7:57  Zealot  
  87  7:58  Zealot x2  
  95  8:02  Pylon  
  95  8:07  Dark Templar  
  95  8:08  Dark Templar  
  95  8:10  Pylon  
  99  8:13  Archon  
  99  8:22  Photon Cannon  
  99  8:24  Zealot x2  
  101  8:36  Zealot x5  
  111  8:43  Zealot x3  
  117  8:51  Zealot  
  117  8:52  Zealot  
  115  8:56  Zealot  
  115  9:00  Zealot x4  
  103  9:07  Stalker x5  
  103  9:09  Zealot x2  
  77  9:22  Zealot x2  
  81  9:29  Zealot  
  81  9:30  Zealot x4  
Tags
 
Add a new tag
Caveats
  • Supply blocks, unpowered buildings, or Contaminate may cause inaccurate times.
  • Supply counts are checked every 10 seconds.